Match 40885669
Unlisted

Match 40885669
End
Construct Section Command Post
Vickers Machine Gun Team
Dingo Light Scout Car
Infantry Section
ML 3-inch Mortar Team
Construct Platoon Command Post
Selects Canadian Shock Battlegroup
Selects Attacking Spirit
Selects Canadian Shock Section
Canadian Shock Section
Unlock Bishop Self-propelled Artillery
Bishop Self-propelled Artillery
6-pounder Anti-tank Gun Team
Selects Incendiary Munitions
Bishop Self-propelled Artillery
CMP 15cwt Truck
6-pounder Anti-tank Gun Team
Royal Engineer Section
Selects Smoke Operation
Light Vehicle Training
Construct Company Command Post
Crusader II Medium Tank
Crusader II Medium Tank
Royal Engineer Section
Bishop Self-propelled Artillery
Forward Retreat Point
Canadian Shock Section
Canadian Shock Section
Selects Pyrotechnics
Selects Churchill Crocodile Heavy Tank
Smoke Operation
Churchill Crocodile Heavy Tank
Bishop Self-propelled Artillery
Smoke Operation
Armored Vehicle Training
Smoke Operation
wila
Mad
LittleFatty233
HiddenJoker
sarigom
qazxsw
(๑>◡<๑)
Gukbae
0
0

Comments sign in to comment!

No comments posted yet!